 Dungeon Crawl Stone Soup version 0.22.1-2-g9c5b331 (webtiles) character file.

1899 rafellus the Covert (level 8, -9/36 HPs)
             Began as a Spriggan Enchanter on Nov 16, 2018.
             Was a Priest of Dithmenos.
             Killed by divine providence
             ... invoked by an orc priest
              (15 damage)
             ... on level 7 of the Dungeon on Nov 20, 2018.
             The game lasted 01:08:40 (8924 turns).

rafellus the Covert (Spriggan Enchanter)            Turns: 8924, Time: 01:08:41

Health: -9/36      AC:  2    Str:  6    XL:     8   Next: 93%
Magic:  5/17       EV: 22    Int: 17    God:    Dithmenos [***...]
Gold:   330        SH:  6    Dex: 16    Spells: 12/18 levels left

rFire    . . .     SeeInvis +   a - +4 dagger
rCold    . . .     Gourm    .   y - +0 buckler
rNeg     . . .     Faith    .   b - +0 robe
rPois    .         Spirit   .   (helmet restricted)
rElec    .         Reflect  .   (no cloak)
rCorr    .         Harm     .   (gloves unavailable)
MR       +....                  (boots unavailable)
Stlth    +++++++...             (no amulet)
HPRegen  0.12/turn              l - ring of stealth
MPRegen  0.15/turn              (no ring)

@: wreathed by umbra, very quick
A: very small, unfitting armour, see invisible, herbivore, speed 3, slow
metabolism 2
a: Shadow Step, Renounce Religion


You were on level 7 of the Dungeon.
You worshipped Dithmenos.
Dithmenos was most pleased with you.
You were not hungry.

You visited 1 branch of the dungeon, and saw 7 of its levels.
You also visited: Sewer.

You collected 330 gold pieces.

Inventory:

Hand Weapons
 a - a +4 dagger (weapon)
 s - a +0 blowgun
Missiles
 e - 2 needles of sleeping
 h - 34 poisoned needles (quivered)
Armour
 b - a +0 robe (worn)
 y - a +0 buckler (worn)
Jewellery
 l - a ring of stealth (left hand)
 C - an uncursed ring of flight {unknown}
 D - an uncursed amulet of harm {unknown}
Wands
 u - a wand of paralysis (21)
 E - a wand of enslavement (9)
 F - a wand of iceblast (7)
Scrolls
 c - 8 scrolls of teleportation
 f - a scroll of enchant armour
 i - 4 scrolls of fear
 j - a scroll of identify
 k - 2 scrolls of blinking
 n - 3 scrolls of remove curse
 q - a scroll of magic mapping {unknown}
 r - a scroll of noise {unknown}
 z - a scroll of random uselessness {unknown}
 A - a scroll of fog {unknown}
Potions
 g - 2 potions of might {unknown}
 m - 2 potions of ambrosia
 o - a potion of cancellation {unknown}
 p - a potion of brilliance {unknown}
 t - a potion of haste {unknown}
 v - 3 potions of flight
 w - a potion of agility
 x - 2 potions of magic {unknown}
 B - a potion of lignification {unknown}
 G - a potion of invisibility
Comestibles
 d - 5 rations


   Skills:
 + Level 5.8 Short Blades
 + Level 6.9 Dodging
 + Level 9.6 Stealth
 + Level 2.9 Shields
 + Level 5.7 Spellcasting
 + Level 6.6 Hexes


You had 12 spell levels left.
You knew the following spells:

 Your Spells              Type           Power        Failure   Level  Hunger
a - Corona                Hex            ####...      1%          1    None
b - Ensorcelled Hibernat  Hex/Ice        ###...       7%          2    #......
c - Confuse               Hex            ####....     3%          3    ##.....

Your spell library contained the following spells:

 Spells                   Type           Power        Failure   Level  Hunger
 Tukima's Dance           Hex            ####....     3%          3    ##.....
 Dazzling Spray           Conj/Hex       ###...       14%         3    ##.....


Dungeon Overview and Level Annotations

Branches:
Dungeon (7/15)             Temple (0/1) D:4

Altars:
Ashenzari
Dithmenos
Elyvilon
Makhleb
Okawaru
Qazlal
Trog
Wu Jian
The Shining One

Annotations:
D:5 1 runed door, Mnat's ghost, novice MiFi
D:7 Harold


Innate Abilities, Weirdness & Mutations

You are very small and have problems with some larger weapons.
You are too small for most types of armour.
You have supernaturally acute eyesight. (SInv)
You are a herbivore.
You cover ground extremely quickly.
You need to consume almost no food.


Message History

Confirm with . or Enter, or press ? or * to list all spells.
Aiming: Ensorcelled Hibernation (safe; 7% risk of failure)
Press: ? - help, Shift-Dir - straight line, f - Harold
Aim: Harold, wielding a dire flail and wearing a chain mail (umbra, chance to Harold resists with almost no effort.
The orc priest calls down the wrath of Beogh upon you.
Beogh smites you! Harold misses you.
The orc priest calls down the wrath of Beogh upon you.
Beogh smites you!
* * * LOW HITPOINT WARNING * * *
Casting: Ensorcelled Hibernation (safe; 7% risk of failure)
Confirm with . or Enter, or press ? or * to list all spells.
Aiming: Ensorcelled Hibernation (safe; 7% risk of failure)
Press: ? - help, Shift-Dir - straight line, f/p - Harold
Aim: Harold, wielding a dire flail and wearing a chain mail (umbra, chance to Harold resists with almost no effort.
Harold says, "Ah, this is what I got into this business for!"
The orc priest invokes the aid of Beogh against you.
Beogh smites you!
You die...

.............................#
.............................#
..............................
....................=.........
..............................
.....(........................
..................$.>.........
................(.(...........
...........(<.@.@.............
..............................
.....((......................
...........>................
.........o..............
.....(..................
........................
........................
...............


You could see Harold and an orc priest.

Vanquished Creatures
  A hungry ghost (D:6)
  Edmund (D:4)
  2 orc warriors (D:6)
  A phantom (D:5)
  2 ogres
  A big kobold (Sewer)
  A bullfrog (D:7)
  A gnoll sergeant (D:4)
  2 howler monkeys
  A quasit (D:5)
  2 hounds
  7 orc priests
  A centaur skeleton (D:6)
  2 bullfrog skeletons
  Natasha (thrice) (D:4)
  2 orc wizards (D:5)
  2 worker ants
  A hound skeleton (D:6)
  Robin (D:4)
  3 gnolls (D:4)
  14 adders
  3 river rats (Sewer)
  2 oozes (Sewer)
  An adder zombie (D:6)
  5 worms
  2 dart slugs
  3 leopard geckos
  29 orcs
  9 bats
  3 giant cockroaches
  21 goblins
  8 hobgoblins
  2 jackals (D:1)
  4 quokkas
  3 ball pythons
  8 frilled lizards
  A jackal skeleton (D:4)
  13 kobolds
  A leopard gecko skeleton (D:4)
  A quokka zombie (D:5)
  8 rats
178 creatures vanquished.

Vanquished Creatures (others)
  A bat (D:3)
1 creature vanquished.

Grand Total: 179 creatures vanquished

Notes
Turn   | Place    | Note
-------+----------+-------------------------------------------
     0 | D:1      | rafellus the Spriggan Enchanter began the quest for the
                  | Orb.
     0 | D:1      | Reached XP level 1. HP: 9/9 MP: 5/5
   280 | D:1      | Reached skill level 5 in Stealth
   354 | D:1      | Reached XP level 2. HP: 13/13 MP: 6/6
   358 | D:1      | Learned a level 2 spell: Ensorcelled Hibernation
  1188 | D:1      | You fall through a shaft!
  1203 | D:2      | Found a burning altar of Makhleb.
  1492 | D:2      | Reached XP level 3. HP: 16/16 MP: 5/8
  1693 | D:2      | Learned a level 3 spell: Confuse
  1755 | D:2      | Reached skill level 6 in Stealth
  2218 | D:3      | Reached XP level 4. HP: 21/21 MP: 9/9
  2832 | D:3      | Found an iron altar of Okawaru.
  3084 | D:3      | Reached skill level 7 in Stealth
  3205 | D:3      | Found a bloodstained altar of Trog.
  3205 | D:3      | Found a glowing golden altar of the Shining One.
  3210 | D:3      | Found a shadowy altar of Dithmenos.
  3212 | D:3      | Found a stormy altar of Qazlal.
  3213 | D:3      | Found a shattered altar of Ashenzari.
  3217 | D:3      | Became a worshipper of Dithmenos the Shadowed
  3541 | D:3      | Reached XP level 5. HP: 22/24 MP: 10/10
  4167 | D:4      | Found a staircase to the Ecumenical Temple.
  4532 | D:4      | Noticed Edmund
  4755 | D:4      | Killed Edmund
  4755 | D:4      | Reached XP level 6. HP: 28/28 MP: 3/12
  4825 | D:4      | Noticed Robin
  4852 | D:4      | Reached * piety under Dithmenos
  4977 | D:4      | Killed Robin
  5058 | D:4      | Reached skill level 1 in Shields
  5088 | D:4      | Found a white marble altar of Elyvilon.
  5102 | D:4      | Noticed Natasha
  5109 | D:4      | Killed Natasha
  5151 | D:4      | Reached XP level 7. HP: 29/32 MP: 13/13
  5172 | D:4      | Reached skill level 8 in Stealth
  5497 | D:4      | Noticed Natasha
  5503 | D:4      | Killed Natasha
  5531 | D:4      | Noticed Natasha
  5540 | D:4      | Killed Natasha
  5784 | D:4      | Reached skill level 5 in Hexes
  5993 | D:5      | Entered Level 5 of the Dungeon
  6025 | D:5      | Found a glowing drain.
  6351 | D:5      | Reached ** piety under Dithmenos
  6351 | D:5      | Reached skill level 5 in Dodging
  6797 | Sewer    | Entered a sewer
  7306 | D:5      | Reached skill level 5 in Short Blades
  7306 | D:5      | Reached XP level 8. HP: 13/36 MP: 2/16
  7626 | D:5      | Found a runed door.
  7635 | D:5      | Noticed Mnat's ghost (novice MiFi)
  7876 | D:5      | Reached skill level 5 in Spellcasting
  8096 | D:6      | Reached skill level 9 in Stealth
  8220 | D:6      | Found an ornate altar of the Wu Jian Council.
  8340 | D:6      | Reached *** piety under Dithmenos
  8471 | D:6      | Found a bloodstained altar of Trog.
  8863 | D:7      | Noticed Harold
  8924 | D:7      | Killed from afar by an orc priest

Skill      XL: |  1  2  3  4  5  6  7  8 |
---------------+-------------------------+-----
Stealth        | 5 6 7 8 9 |  9.6
Short Blades   | 2 3 4 5 |  5.8
Spellcasting   | 3 4 5 |  5.7
Hexes          | 4 5 6 |  6.6
Dodging        | 4 5 6 |  6.9
Shields        | 1 2 |  2.9

Action                   |  1- 3 |  4- 6 |  7- 9 || total
-------------------------+-------+-------+-------++-------
Melee: Dagger            |   129 |   230 |   227 ||   586
 Fire: Blowgun           |       |       |    11 ||    11
 Cast: Ensorcelled Hiber |    18 |    32 |    59 ||   109
       Corona            |    11 |     4 |     9 ||    24
       Confuse           |       |     9 |    17 ||    26
  Use: Scroll            |       |     9 |     1 ||    10
       Potion            |       |     3 |       ||     3
 Stab: Sleeping          |    21 |    22 |    48 ||    91
       Confused          |       |     3 |     7 ||    10
       Distracted        |       |     1 |     1 ||     2
  Eat: Ration            |       |     3 |     4 ||     7
Armor: Robe              |    16 |    11 |     7 ||    34
Dodge: Dodged            |    88 |   160 |   128 ||   376
Block: Buckler           |       |     5 |    47 ||    52
